 Dungeon Crawl Stone Soup version 0.21.1-1-g345015f (webtiles) character file.

46 Fang the Skirmisher (level 3, 0/24 HPs)
             Began as a Gargoyle Berserker on June 5, 2018.
             Was a Follower of Trog.
             Slain by Natasha (2 damage)
             ... on level 2 of the Dungeon.
             The game lasted 00:00:46 (1017 turns).

Fang the Skirmisher (Gargoyle Berserker)            Turns: 1017, Time: 00:00:47

Health: 0/24       AC:  5    Str: 21    XL:     3   Next: 66%
Magic:  3/3        EV: 12    Int:  7    God:    Trog [*.....]
Gold:   63         SH:  0    Dex:  9    Spells: 2/2 levels left

rFire    . . .     SeeInvis .   a - +0 hand axe
rCold    . . .     Gourm    .   (no shield)
rNeg     + . .     Faith    .   b - +0 animal skin
rPois    ∞         Spirit   .   (no helmet)
rElec    +         Reflect  .   (no cloak)
rCorr    .         Harm     .   (no gloves)
MR       .....                  (no boots)
Stlth    +.........             (no amulet)
HPRegen  0.08/turn              (no ring)
MPRegen  0.08/turn              (no ring)

@: berserk cooldown, slowed, very slow
A: negative energy resistance 1, electricity resistance, unbreathing,
petrification resistance, rot immunity, AC +3
a: Berserk, Burn Spellbooks, Renounce Religion


You were on level 2 of the Dungeon.
You worshipped Trog.
Trog was aware of your devotion.
You were very hungry.

You visited 1 branch of the dungeon, and saw 2 of its levels.

You collected 63 gold pieces.

Inventory:

Hand Weapons
 a - a +0 hand axe (weapon)
Armour
 b - a +0 animal skin (worn)
Scrolls
 d - a scroll of teleportation {unknown}
 f - a scroll of remove curse {unknown}
 h - a scroll of noise {unknown}
 j - a scroll of fear {unknown}
 k - a scroll of blinking {unknown}
Potions
 e - 2 potions of curing {unknown}
 g - a potion of flight {unknown}
 l - a potion of mutation {unknown}
Comestibles
 c - a ration


   Skills:
 + Level 4.0 Fighting
 + Level 3.3 Axes
 + Level 2.3 Armour
 + Level 1.8 Dodging
 + Level 0.6 Stealth


You had 2 spell levels left.
You didn't know any spells.

Dungeon Overview and Level Annotations

Branches:
Dungeon (2/15)

Altars:

Annotations:
D:2 Natasha


Innate Abilities, Weirdness & Mutations

You are resistant to torment.
Your stone body is resilient. (AC +3)
You are immune to poison.
You resist negative energy. (rN+)
You are resistant to electric shocks. (rElec)
You can survive without breathing.
You are immune to petrification.
You are immune to rotting.


Message History

You barely miss the crimson imp. You hit the iron imp.
The crimson imp hits you but does no damage.
Natasha misses you. The iron imp closely misses you. Natasha barely misses you.
The crimson imp blinks!
You slash Natasha!
Natasha is almost dead.
You hit the iron imp but do no damage. The iron imp closely misses you.
Natasha casts a spell at you. You resist with significant effort.
The crimson imp blinks!
The iron imp hits you!
* * * LOW HITPOINT WARNING * * *
Natasha casts a spell.
The crimson imp blinks!
Natasha wildly gestures.
Natasha shimmers violently.
The white imp hits you but does no damage.
Natasha claws you.
* * * LOW HITPOINT WARNING * * *
The white imp barely misses you. Natasha claws you.
You die...

#..# ..#
#..# ..#
#... ..#
##[. #..##
###. ..#.
#..#
.#######..#
.?.....5h.#
######@5.#
#...#####.
#.....5..#
##..##.##
#(.# # #..#
#).# #..#
#..#


You could see an iron imp, Natasha, a crimson imp and a white imp.

Vanquished Creatures
  Terence (D:2)
  An ooze (D:1)
  A dart slug (D:2)
  3 goblins
  3 bats (D:1)
  5 frilled lizards
  2 kobolds (D:2)
  3 rats (D:1)
19 creatures vanquished.

Vanquished Creatures (others)
  A leopard gecko (D:2)
  A giant cockroach (D:2)
  A hobgoblin (D:2)
3 creatures vanquished.

Grand Total: 22 creatures vanquished

Notes
Turn   | Place    | Note
-------+----------+-------------------------------------------
     0 | D:1      | Fang the Gargoyle Berserker began the quest for the Orb.
     0 | D:1      | Reached XP level 1. HP: 14/14 MP: 1/1
   107 | D:1      | Reached XP level 2. HP: 18/19 MP: 2/2
   819 | D:2      | Noticed Terence
   832 | D:2      | Killed Terence
   832 | D:2      | Reached skill level 4 in Fighting
   832 | D:2      | Reached XP level 3. HP: 22/24 MP: 3/3
  1004 | D:2      | Noticed Natasha
  1017 | D:2      | Slain by Natasha

Skill      XL: |  1  2 |
---------------+-------+-----
Axes           | 3 |  3.3
Fighting       | 4 |  4.0
Armour         | |  2.3
Dodging        | |  1.8
Stealth        | |  0.6

Action                   || total
-------------------------++-------
Melee: Hand axe          ||    68
Invok: Berserk           ||     2
 Stab: Sleeping          ||     3
  Eat: Chunk             ||     1
Armor: Animal skin       ||    23
Dodge: Dodged            ||    41
